 Dungeon Crawl Stone Soup version 0.30-a0-696-g2367cd04db (webtiles) character file.

Game seed: 13974914710205478403

3567 dohliylev the Grappler (level 9, -16/87 HPs)
             Began as a Troll Berserker on Jan 20, 2023.
             Was an Elder of Trog.
             Demolished by a two-headed ogre
             ... wielding a +0 giant spiked club
              (35 damage)
             ... on level 7 of the Dungeon.
             The game lasted 00:16:15 (5025 turns).

dohliylev the Grappler (Troll Berserker)            Turns: 5025, Time: 00:16:16

Health: -16/87     AC: 12    Str: 31    XL:     9   Next: 84%
Magic:  17/17      EV:  9    Int:  3    God:    Trog [****..]
Gold:   310        SH:  7    Dex:  9    Spells: 8/8 levels left

rFire   + . .      SeeInvis .      - Unarmed
rCold   . . .      Faith    .    v - +0 kite shield
rNeg    + . .      Spirit   .    C - +3 acid dragon scales of Mosall {rF+ rN+ rCorr}
rPois   .          Reflect  .    (helmet restricted)
rElec   .          Harm     .    r - +0 cloak
rCorr   +          Rampage  .    (gloves unavailable)
Will    ++...                    (boots unavailable)
Stlth   +                        (no amulet)
HPRegen 2.14/turn                h - ring of resist corrosion
MPRegen 0.15/turn                s - ring of magical power

@: strong-willed, regenerating
A: large, unfitting armour, claws 3, regeneration 1, shaggy fur 1, tough skin 1
a: Renounce Religion, Berserk, Trog's Hand, Brothers in Arms


You were on level 7 of the Dungeon.
You worshipped Trog.
Trog was greatly pleased with you.
You visited 1 branch of the dungeon, and saw 7 of its levels.
You also visited: Sewer.

You collected 310 gold pieces.

Inventory:

Missiles
 p - 3 throwing nets (quivered)
Armour
 l - a scarf of shadows
 r - a +0 cloak (worn)
 v - a +0 kite shield (worn)
 C - the +3 acid dragon scales of Mosall (worn) {rF+ rN+ rCorr}
   (You took it off a kobold brigand on level 7 of the Dungeon)

   rF:        It protects you from fire.
   rN:        It protects you from negative energy.
   rCorr:     It protects you from acid and corrosion.
Jewellery
 h - a ring of resist corrosion (left claw)
 s - a ring of magical power (right claw)
Wands
 q - a wand of flame (18)
 y - a wand of paralysis (8)
Scrolls
 b - 3 scrolls of noise
 d - 2 scrolls of blinking
 e - a scroll of teleportation
 f - 2 scrolls of enchant weapon
 j - 2 scrolls of brand weapon
 n - a scroll of amnesia {unknown}
 t - 2 scrolls of enchant armour
 u - a scroll of fear {unknown}
 w - 2 scrolls of fog {unknown}
 A - a scroll of poison {unknown}
Potions
 a - a potion of haste {unknown}
 c - 3 potions of invisibility {unknown}
 g - 9 potions of curing
 i - a potion of might {unknown}
 k - 3 potions of heal wounds
 m - 2 potions of flight
 o - 2 potions of cancellation {unknown}
 x - 2 potions of degeneration {unknown}
 B - a potion of mutation {unknown}


   Skills:
 + Level 4.8 Fighting
 + Level 2.0 Throwing
 + Level 0.3 Armour
 + Level 6.1 Dodging
 + Level 2.1 Shields
 + Level 11.0 Unarmed Combat
 + Level 0.9 Evocations


You had 8 spell levels left.
You didn't know any spells.
Your spell library was empty.

Dungeon Overview and Level Annotations

Branches:
Dungeon (7/15)             Temple (0/1) D:4           Sewer (visited)

Altars:
Vehumet

Shops:
D:2 ?   D:3 =


Innate Abilities, Weirdness & Mutations

You are too large for most types of armour.
You have claws for hands.
Your natural rate of healing is unusually fast.
You are covered in fur. (AC +1)
You have tough skin. (AC +1)


Message History

Your Unarmed Combat skill increases to level 11!
You feel very sick.
The centaur shoots an arrow.
The arrow hits you!
The centaur shoots an arrow.
The arrow hits you.
You hear a shout!
You feel very sick.
You hear a shout!
The centaur shoots an arrow.
You block the arrow.
You hear a shout!
Your skin crawls.
You feel strong-willed.
You feel very sick.
You hear a shout! x2
The two-headed ogre hits you with a +0 giant spiked club!
* * * LOW HITPOINT WARNING * * *
The two-headed ogre closely misses you.
You feel sick.
You fail to use your ability.
You feel sick.
You feel sick.
You feel sick.
The centaur shoots an arrow.
The arrow hits you.
* * * LOW HITPOINT WARNING * * *
The centaur shoots an arrow.
The arrow barely misses you.
You feel sick.
The centaur shoots an arrow.
The arrow hits you.
* * * LOW HITPOINT WARNING * * *
The two-headed ogre attacks as you move away!
The two-headed ogre hits you with a +0 giant spiked club.
* * * LOW HITPOINT WARNING * * *
The two-headed ogre hits you but does no damage.
You feel sick.
You feel sick.
The two-headed ogre attacks as you move away!
The two-headed ogre hits you with a +0 giant spiked club!
* * * LOW HITPOINT WARNING * * *
The two-headed ogre barely misses you.
You feel sick.
You are no longer poisoned.
You fail to use your ability.
You claw the two-headed ogre!
The two-headed ogre is lightly wounded.
The two-headed ogre hits you with a +0 giant spiked club!!
You die...

######### #.......# ######
######.#####.# ...... #....#
#............. .....
#....####.####.#####.###.uoo
#.........####.##.........o..
#......>.......##.#..#.#.....
####.....##.##@##.#..#.#.#..#.
#.....##.##O##.#..#.#.#..#.#
#........##c##.#......#..#.#
#...............#.#......#ยง#
#.......#####.....###.#.##.#
#.......# #...### ##.##.#
#.......# #...# ##......
#.......# #...# #.W#.#..
####.#### #...#####O##...#


You could see a two-headed ogre and a centaur.

Vanquished Creatures
  An ugly thing (D:7)
  A kobold demonologist (D:7)
  A wyvern (D:7)
  A steam dragon (D:7)
  A vampire mosquito (D:7)
  A water moccasin (D:7)
  An ice beast (D:7)
  2 orc warriors (D:7)
  An ogre (D:7)
  A phantom (D:5)
  A kobold brigand (Sewer)
  6 bullfrogs
  2 gnoll sergeants
  2 scorpions
  A howler monkey (D:6)
  A jelly (D:7)
  7 hounds
  Terence (D:2)
  2 iguanas
  An orc wizard (D:7)
  Robin (D:4)
  15 gnolls
  2 river rats (Sewer)
  11 adders
  3 white imps
  An ufetubus (D:5)
  4 worms
  A dart slug (D:3)
  14 orcs
  9 ball pythons
  6 bats
  3 endoplasms
  14 goblins
  5 hobgoblins
  8 quokkas
  7 frilled lizards
  10 kobolds
  6 rats
155 creatures vanquished.

Vanquished Creatures (collateral kills)
  An acid dragon (D:7)
  A sky beast (D:7)
  A centaur (D:7)
  A kobold brigand (D:7)
  A gnoll sergeant (D:7)
  2 orc wizards (D:7)
  4 gnolls (D:7)
  A white imp (D:7)
  3 orcs (D:7)
15 creatures vanquished.

Grand Total: 170 creatures vanquished

Notes
Turn   | Place    | Note
-------+----------+-------------------------------------------
     0 | D:1      | dohliylev the Troll Berserker began the quest for the Orb.
     0 | D:1      | Reached XP level 1. HP: 22/22 MP: 0/0
   165 | D:1      | Reached XP level 2. HP: 29/29 MP: 1/1
   757 | D:2      | Reached XP level 3. HP: 36/36 MP: 2/2
   782 | D:2      | Reached ** piety under Trog
   918 | D:2      | Noticed Terence
   919 | D:2      | Found Sacuet's Magic Scroll Shop.
   924 | D:2      | Killed Terence
   925 | D:2      | Reached skill level 4 in Unarmed Combat
   925 | D:2      | Reached XP level 4. HP: 45/45 MP: 3/3
  1673 | D:3      | Found a radiant altar of Vehumet.
  1736 | D:3      | Found Xevvurr's Jewellery Emporium.
  1818 | D:4      | Reached XP level 5. HP: 52/53 MP: 4/4
  1870 | D:4      | Reached skill level 5 in Unarmed Combat
  2282 | D:4      | Noticed Robin
  2287 | D:4      | Killed Robin
  2287 | D:4      | Reached *** piety under Trog
  2387 | D:4      | Found a staircase to the Ecumenical Temple.
  2536 | D:5      | Entered Level 5 of the Dungeon
  2548 | D:5      | Reached XP level 6. HP: 54/61 MP: 5/5
  2581 | D:5      | Reached skill level 1 in Throwing
  2789 | D:5      | Reached skill level 6 in Unarmed Combat
  3424 | D:6      | Reached XP level 7. HP: 60/67 MP: 6/6
  3509 | D:6      | HP: 2/67 [gnoll/+0 flail[a gnoll sergeant] (2)]
  3658 | D:6      | Found a glowing drain.
  3667 | Sewer    | Entered a sewer
  3758 | Sewer    | Reached skill level 7 in Unarmed Combat
  3798 | Sewer    | Found a white marble altar of Elyvilon.
  4000 | D:6      | Reached **** piety under Trog
  4335 | D:7      | Reached XP level 8. HP: 60/76 MP: 7/7
  4392 | D:7      | Reached skill level 8 in Unarmed Combat
  4580 | D:7      | Reached skill level 9 in Unarmed Combat
  4586 | D:7      | Reached skill level 5 in Dodging
  4597 | D:7      | Noticed a two-headed ogre
  4668 | D:7      | Noticed a green ugly thing
  4683 | D:7      | Reached XP level 9. HP: 58/84 MP: 8/8
  4699 | D:7      | Reached skill level 10 in Unarmed Combat
  4699 | D:7      | Identified the +3 acid dragon scales of Mosall {rF+ rN+
                  | rCorr}
  4704 | D:7      | Reached skill level 1 in Shields
  4704 | D:7      | HP: 3/85 [acid dragon (10)]
  4866 | D:7      | Noticed a kobold demonologist
  4880 | D:7      | Killed a kobold demonologist
  5011 | D:7      | Killed a green ugly thing
  5012 | D:7      | Reached skill level 11 in Unarmed Combat
  5025 | D:7      | Demolished by a two-headed ogre

Illustrated notes

Levels and vault maps discovered:
D:1:      sevenhm_arrival_forest_fort_large_2, layout_loops_ring
D:2:      layout_rooms, serial_shops, shop, uniq_terence
D:3:      layout_basic, vehumet_crystals, serial_shops, shop, minmay_distorted
D:4:      cheibrodos_helix_gallery, layout_cave_pools,
          minmay_temple_entry_fiery, uniq_robin
D:5:      layout_basic, kennysheep_cross_room
D:6:      layout_loops_ring, cheibrodos_sewer_entry_sluice
D:7:      minmay_the_grid_octo_tiled_squarecenter
          [minmay_the_grid_octo_pinwheel, minmay_the_grid_octo_thin_diamonds,
          minmay_the_grid_octo_clover, minmay_the_grid_octo_fat_diamond,
          minmay_the_grid_square_5x5_megaprize_crossed,
          minmay_the_grid_square_5x5_fancy_junction,
          minmay_the_grid_square_5x5_beaten_path,
          minmay_the_grid_square_5x5_spiral_small,
          minmay_the_grid_square_5x5_checkered_sparse], layout_basic

Skill      XL: |  1  2  3  4  5  6  7  8  9 |
---------------+----------------------------+-----
Fighting       | 3 4 |  4.8
Unarmed Combat | 4 5 6 7 9 11 | 11.0
Dodging        | 3 4 5 6 |  6.1
Throwing       | 1 2 |  2.0
Shields        | 2 |  2.1
Armour         | |  0.3
Evocations     | |  0.9

Action                   |  1- 3 |  4- 6 |  7- 9 || total
-------------------------+-------+-------+-------++-------
Melee: Unarmed           |    71 |   172 |   174 ||   417
       Punch             |     2 |     1 |     2 ||     5
Throw: Dart              |       |    22 |       ||    22
       Throwing net      |       |       |     2 ||     2
Invok: Berserk           |       |       |     2 ||     2
       Trog's Hand       |       |       |     4 ||     4
       Brothers in Arms  |       |       |     1 ||     1
Evoke: Wand              |       |     8 |       ||     8
  Use: Potion            |       |     1 |     5 ||     6
       Scroll            |       |       |     8 ||     8
Armor: Animal skin       |    20 |    63 |       ||    83
       Robe              |       |     2 |    53 ||    55
       Acid dragon scale |       |       |     6 ||     6
Dodge: Dodged            |    29 |    95 |   103 ||   227
Block: Kite shield       |       |       |    28 ||    28

Table legend: (Time is in decaauts)
 A = Elapsed time spent in this place.
 B = Non-inter-level travel time spent in this place.
 C = Inter-level travel time spent in this place.
 D = Time resting spent in this place.
 E = Time spent auto-exploring this place.
 F = Levels seen in this place.
 G = Mean time per level.
                   A        B        C        D        E       F      G
               +--------+--------+--------+--------+--------+-----+--------+
         Total |   5005 |   4849 |    156 |    575 |   2717 |   8 |  625.6 |
       Dungeon |   4831 |   4675 |    156 |    562 |   2620 |   7 |  690.1 |
         Sewer |    173 |    173 |      0 |     13 |     97 |   1 |  173.0 |
               +--------+--------+--------+--------+--------+-----+--------+

Top non-repeatable levels by time:
     D:5: 872 daAuts
     D:4: 729 daAuts
     D:6: 726 daAuts
     D:1: 713 daAuts
     D:7: 712 daAuts
     D:3: 662 daAuts
     D:2: 415 daAuts
   Sewer: 173 daAuts
